 Dungeon Crawl Stone Soup version 0.29.0-4-gdea44cf6ec (webtiles) character file.

Game seed: 4760718134658129256

1820 qw the Cleaver (level 9, -6/56 HPs)
             Began as a Gargoyle Berserker on Sept 5, 2022.
             Was a Priest of Trog.
             Killed by divine providence
             ... invoked by an orc priest
              (14 damage)
             ... on level 6 of the Dungeon.
             The game lasted 00:02:06 (6589 turns).

qw the Cleaver (Gargoyle Berserker)                 Turns: 6589, Time: 00:02:06

Health: -6/56      AC: 21    Str: 31    XL:     9   Next: 10%
Magic:  9/9        EV: 10    Int:  8    God:    Trog [***...]
Gold:   303        SH:  0    Dex:  9    Spells: 8/8 levels left

rFire   x . .      SeeInvis .   Y - +4 war axe
rCold   + + +      Faith    .   (no shield)
rNeg    + + .      Spirit   .   e - +0 ice dragon scales
rPois   inf        Reflect  .   (no helmet)
rElec   +          Harm     .   (no cloak)
rCorr   .          Rampage  .   (no gloves)
Will    .....                   a - +0 pair of boots
Stlth   ..........              (no amulet)
HPRegen 0.18/turn               i - ring of Buh Nuno {rC+ rN+ AC+4}
MPRegen 0.11/turn               k - +6 ring of strength

@: on berserk cooldown, slowed, very slow
A: sickness immunity, AC +6, negative energy resistance 1, electricity
resistance, torment resistance 1, petrification resistance
a: Renounce Religion, Berserk, Trog's Hand


You were on level 6 of the Dungeon.
You worshipped Trog.
Trog was most pleased with you.
You visited 1 branch of the dungeon, and saw 6 of its levels.

You collected 303 gold pieces.


Innate Abilities, Weirdness & Mutations

You are immune to sickness and miasma.
Your stone body is resilient. (AC +6)
You are immune to poison.
You resist negative energy. (rN+)
You are resistant to electric shocks. (rElec)
You are resistant to unholy torment.
You are immune to petrification.


   Skills:
 - Level 6.9 Fighting
 - Level 9.4 Axes
 - Level 1.0 Throwing
 + Level 3.0 Armour
 - Level 1.5 Dodging


You had 8 spell levels left.
You didn't know any spells.
Your spell library was empty.

Inventory:

Hand Weapons
 m - a +0 morningstar
 Y - a +4 war axe (weapon)
Missiles
 h - 3 boomerangs (quivered)
Armour
 a - a +0 pair of boots (worn)
 e - +0 ice dragon scales (worn)
 n - a +0 chain mail
Jewellery
 d - a ring of see invisible
 i - the ring of Buh Nuno (left hand) {rC+ rN+ AC+4}
   (You found it on level 3 of the Dungeon)

   [ring of protection]

   AC:        It affects your AC (+4).
   rC:        It protects you from cold.
   rN:        It protects you from negative energy.
 k - a +6 ring of strength (right hand)
Scrolls
 b - a scroll of torment {unknown}
 g - a scroll of amnesia {unknown}
 l - 5 scrolls of identify
Potions
 c - 3 potions of curing
 f - 2 potions of mutation

Dungeon Overview and Level Annotations

Branches:
Dungeon (6/15)             Temple (0/1) D:4

Altars:
Fedhas
Makhleb
Okawaru
Qazlal
Ru

Annotations:
D:5 2 transporters, qw's ghost, novice MiBe


Message History

You miss the hornet.
The hornet is severely wounded.
The hornet stings you.
The orc priest hits you but does no damage.
The hornet stings you but does no damage.
The orc priest closely misses you.
You miss the hornet.
The hornet is severely wounded.
The hornet stings you.
The orc priest invokes the aid of Beogh against you.
Beogh smites you! The hornet closely misses you.
The orc priest closely misses you.
You barely miss the hornet.
The hornet is severely wounded.
The hornet stings you but does no damage. x2
The orc priest closely misses you.
The hornet stings you but does no damage.
You slash the hornet!
You kill the hornet!
Trog accepts your kill.
The orc priest hits you but does no damage. x2
Your Fighting skill increases to level 6!
You have reached level 9!
Your experience leads to an increase in your attributes!
Your base attributes are Str 23, Int 8, Dex 9.
Increase (S)trength, (I)ntelligence, or (D)exterity?
You feel stronger. x2
The orc priest calls down the wrath of Beogh upon you.
Beogh smites you!
You see here a hornet corpse.
You closely miss the orc priest.
The orc priest hits you but does no damage. x2
You slash the orc priest!
The orc priest is almost dead.
The orc priest hits you with a +0 trident.
You closely miss the orc priest.
The orc priest is almost dead.
The orc priest mumbles some strange prayers to Beogh against you.
Beogh smites you!
You die...

#..# #.......# #.#..#
#.......# #.#..#
#.......# #.#..#
#.......# #.#..#
#.......# #.#..#
#.......# #.....
#....o..# #.....
#...)@..# #.....
#...).).# #.....
#####'#'### #.#..#
......#.# ######.#..#
......#.######....#.#..#
........................
###########.######..#...
#...........#######
#.####.####.# ####


You could see an orc priest.

Vanquished Creatures
  A two-headed ogre (D:6)
  A hornet (D:6)
  A necrophage (D:6)
  A gnoll sergeant (D:4)
  A scorpion (D:4)
  4 wights (D:4)
  A jelly (D:4)
  A hound (D:5)
  2 orc priests
  Jessica (D:3)
  An iguana (D:5)
  An orc wizard (D:6)
  A hound skeleton (D:6)
  20 gnolls
  2 adders
  10 river rats (D:4)
  A white imp (D:5)
  4 worms
  3 dart slugs
  17 orcs
  10 ball pythons
  2 bats
  7 endoplasms
  2 giant cockroaches
  4 goblins
  8 hobgoblins
  3 jackals (D:5)
  5 kobolds
  5 quokkas
  6 frilled lizards
  15 rats
141 creatures vanquished.

Notes
Turn   | Place    | Note
-------+----------+-------------------------------------------
     0 | D:1      | qw the Gargoyle Berserker began the quest for the Orb.
     0 | D:1      | Reached XP level 1. HP: 14/14 MP: 1/1
     0 | D:1      | 0 ||| qw: Version: 0.1-a-104-g96f76f8
     0 | D:1      | 0 ||| qw: Game counter: 5931
     0 | D:1      | 0 ||| qw: Always use a shield: true
     0 | D:1      | 0 ||| qw: Do Orc after D:15 true
     0 | D:1      | 0 ||| qw: Do second Lair branch before Depths: true
     0 | D:1      | 0 ||| qw: Lair rune preference: random
     0 | D:1      | 0 ||| qw: Plans: Normal
     0 | D:1      | 0 ||| PLANNING D:1-11
   143 | D:1      | 143 ||| Stepping ~*~*~tactically~*~*~ (stealth).
   165 | D:1      | Reached skill level 3 in Axes
   266 | D:1      | Reached XP level 2. HP: 15/19 MP: 2/2
   385 | D:1      | 385 ||| INVOKING Berserk.
   778 | D:1      | 778 ||| Stepping ~*~*~tactically~*~*~ (stealth).
   796 | D:1      | Reached XP level 3. HP: 23/23 MP: 3/3
  1147 | D:1      | 1147 ||| Stepping ~*~*~tactically~*~*~ (stealth).
  1189 | D:1      | 1189 ||| UPGRADING to +0 ice dragon scales.
  1199 | D:1      | 1199 ||| DROPPING +0 animal skin.
  1200 | D:1      | 1200 ||| DROPPING ring of magical power.
  1201 | D:1      | 1201 ||| UPGRADING to +6 ring of strength.
  1202 | D:1      | 1202 ||| READING scroll labelled WAGGA MA TYJA.
  1203 | D:1      | 1203 ||| READING scroll labelled FYPYNLUXYBB.
  1204 | D:1      | 1204 ||| READING scroll labelled POSIM TUCVIUR.
  1205 | D:1      | 1205 ||| READING scroll labelled RONUERUGES.
  1206 | D:1      | 1206 ||| READING scroll labelled ADDESM ZIECA.
  1211 | D:1      | 1211 ||| DRINKING 2 golden potions.
  1211 | D:1      | Gained mutation: You are dopey. (Int -2) [potion of
                  | mutation]
  1211 | D:1      | Lost mutation: You are dopey. (Int -2) [potion of mutation]
  1250 | D:2      | 1250 ||| Stepping ~*~*~tactically~*~*~ (hiding).
  1429 | D:2      | 1429 ||| Stepping randomly (stuck).
  1432 | D:2      | 1432 ||| Stepping randomly (stuck).
  1444 | D:2      | Reached skill level 4 in Axes
  1618 | D:2      | 1618 ||| INVOKING Berserk.
  1868 | D:2      | Reached XP level 4. HP: 28/28 MP: 4/4
  1896 | D:2      | 1896 ||| Stepping ~*~*~tactically~*~*~ (hiding).
  1899 | D:2      | 1899 ||| INVOKING Berserk.
  2262 | D:2      | 2262 ||| DROPPING +0 mace.
  2267 | D:2      | 2267 ||| READING scroll labelled BOPPUSHYFAN.
  2268 | D:2      | 2268 ||| DRINKING 2 murky inky potions.
  2452 | D:2      | 2452 ||| UPGRADING to +0 pair of boots.
  2457 | D:2      | 2457 ||| DRINKING 3 bubbling cyan potions.
  2458 | D:2      | 2458 ||| DROPPING potion of degeneration.
  2545 | D:3      | 2545 ||| INVOKING Berserk.
  2684 | D:3      | 2684 ||| INVOKING Berserk.
  2687 | D:3      | Reached skill level 5 in Axes
  2689 | D:3      | Reached XP level 5. HP: 32/32 MP: 5/5
  2864 | D:3      | Reached ** piety under Trog
  2901 | D:3      | Found a faded altar of an unknown god.
  2911 | D:3      | Identified the ring of Buh Nuno {rC+ rN+ AC+4}
  3042 | D:3      | 3042 ||| Stepping ~*~*~tactically~*~*~ (stealth).
  3066 | D:3      | Noticed Jessica
  3069 | D:3      | Killed Jessica
  3334 | D:3      | 3334 ||| Stepping ~*~*~tactically~*~*~ (stealth).
  3464 | D:3      | 3464 ||| DROPPING +0 ring mail.
  3465 | D:3      | 3465 ||| UPGRADING to ring of protection from cold.
  3466 | D:3      | 3466 ||| UPGRADING to ring of Buh Nuno {rC+ rN+ AC+4}.
  3468 | D:3      | 3468 ||| REMOVING ring of protection from cold.
  3469 | D:3      | 3469 ||| DROPPING ring of protection from cold.
  3470 | D:3      | 3470 ||| UPGRADING to +6 ring of strength.
  3471 | D:3      | 3471 ||| READING scroll labelled TIX DIKHLUOTI.
  3472 | D:3      | 3472 ||| READING scroll labelled QEOXAMOGRO.
  3574 | D:4      | Found a staircase to the Ecumenical Temple.
  3701 | D:4      | 3701 ||| INVOKING Berserk.
  3866 | D:4      | Reached XP level 6. HP: 33/38 MP: 6/6
  3955 | D:4      | Found a stormy altar of Qazlal.
  3956 | D:4      | Found an iron altar of Okawaru.
  3957 | D:4      | Found a blossoming altar of Fedhas.
  4132 | D:4      | Reached skill level 6 in Axes
  4134 | D:4      | 4134 ||| SWAPPING to +4 war axe.
  4135 | D:4      | 4135 ||| DROPPING +1 hand axe.
  4142 | D:4      | Reached skill level 3 in Armour
  4145 | D:4      | Reached XP level 7. HP: 23/43 MP: 7/7
  4426 | D:4      | 4426 ||| Stepping ~*~*~tactically~*~*~ (hiding).
  4435 | D:4      | 4435 ||| INVOKING Berserk.
  4445 | D:4      | HP: 12/64 [gnoll/+0 spear[a gnoll sergeant] (5)]
  4448 | D:4      | Reached skill level 7 in Axes
  4924 | D:4      | Reached *** piety under Trog
  4991 | D:4      | 4991 ||| READING scroll labelled IKUROA NYPUJI.
  5092 | D:4      | 5092 ||| READING scroll labelled HOACIXZ BIURI.
  5093 | D:4      | 5093 ||| DRINKING 2 glowing green potions.
  5194 | D:4      | 5194 ||| DROPPING potion of ambrosia.
  5201 | D:5      | Entered Level 5 of the Dungeon
  5220 | D:5      | 5220 ||| Stepping ~*~*~tactically~*~*~ (hiding).
  5260 | D:5      | 5260 ||| DROPPING +0 flail.
  5271 | D:5      | 5271 ||| Stepping ~*~*~tactically~*~*~ (hiding).
  5273 | D:5      | 5273 ||| Stepping ~*~*~tactically~*~*~ (hiding).
  5277 | D:5      | 5277 ||| INVOKING Berserk.
  5352 | D:5      | 5352 ||| Stepping ~*~*~tactically~*~*~ (stealth).
  5405 | D:5      | Found a transporter.
  5423 | D:5      | Found a transporter.
  5423 | D:5      | Identified the +8 great mace "Sainimic" {freeze, rElec}
  5423 | D:5      | Noticed qw's ghost (novice MiBe)
  5659 | D:5      | Reached XP level 8. HP: 45/49 MP: 8/8
  5753 | D:5      | 5753 ||| DROPPING +1 flail of protection.
  5838 | D:5      | Reached skill level 1 in Throwing
  6011 | D:5      | 6011 ||| READING scroll labelled VAUPUA VETE.
  6012 | D:5      | 6012 ||| DRINKING 2 cyan potions.
  6013 | D:5      | 6013 ||| READING 4 scrolls of identify.
  6013 | D:5      | 6013 ||| IDENTIFYING smoky inky potion
  6014 | D:5      | 6014 ||| DROPPING potion of invisibility.
  6015 | D:5      | 6015 ||| DROPPING potion of brilliance.
  6085 | D:6      | Noticed a two-headed ogre
  6091 | D:6      | 6091 ||| INVOKING Berserk.
  6097 | D:6      | Killed a two-headed ogre
  6098 | D:6      | Reached skill level 9 in Axes
  6239 | D:6      | Found a sacrificial altar of Ru.
  6296 | D:6      | Found a burning altar of Makhleb.
  6565 | D:6      | 6565 ||| INVOKING Berserk.
  6566 | D:6      | Noticed a hornet
  6585 | D:6      | Killed a hornet
  6586 | D:6      | Reached skill level 6 in Fighting
  6586 | D:6      | Reached XP level 9. HP: 23/56 MP: 9/9
  6586 | D:6      | HP: 10/56 [orc priest/divine providence (13)]
  6589 | D:6      | Killed from afar by an orc priest

Levels and vault maps discovered:
D:1:      mrwooster_arrival_statue, layout_basic, lemuel_another_geyser
D:2:      layout_loops_corners, serial_glass, glass_columns_b, glass_columns_c,
          glass_columns_b, glass_columns_a, glass_columns_c, glass_columns_c,
          glass_columns_c, glass_columns_b, glass_columns_a, glass_columns_a,
          glass_columns_b, glass_columns_a, glass_columns_b, glass_columns_a
D:3:      layout_loops_ring, basic_ecumenical_altar, grunt_decor_clamped,
          grunt_decor_arrowhead, uniq_jessica
D:4:      layout_loops_ring, minitemple, minmay_temple_entry_overgrown,
          kennysheep_small_spiral, dk_rats_in_the_wall
D:5:      layout_gridville, gammafunk_ghost_smash
D:6:      layout_basic, nicolae_ru_sacrificial_ziggurat,
          makhleb_blood_cavern_becter, chequers_serial_rivers_large_b

Skill      XL: |  1  2  3  4  5  6  7  8 |
---------------+-------------------------+-----
Axes           | 3 4 5 6 7 9 |  9.4
Fighting       | 4 5 6 |  6.9
Armour         | 3 |  3.0
Throwing       | 1 |  1.0
Dodging        | |  1.5

Action                   |  1- 3 |  4- 6 |  7- 9 || total
-------------------------+-------+-------+-------++-------
Melee: Hand axe          |    94 |   115 |       ||   209
       Punch             |     1 |     3 |     1 ||     5
       War axe           |       |     4 |   146 ||   150
Throw: Boomerang         |       |       |    16 ||    16
Invok: Berserk           |     2 |     4 |     4 ||    10
  Use: Scroll            |     5 |     3 |     4 ||    12
       Potion            |     1 |     2 |     2 ||     5
Armor: Animal skin       |     7 |       |       ||     7
       Ice dragon scales |    19 |    43 |    79 ||   141
Dodge: Dodged            |    55 |    48 |    77 ||   180

Table legend:
 A = Non-vault XP
 B = Vault XP
 C = Vault XP percentage of total XP
 D = Non-vault monster count
 E = Vault monster count
 F = Vault count percentage of total count
                 A         B        C        D         E       F
            +---------+---------+-------+---------+---------+-------
      Total |    2317 |     284 |  10.9 |     117 |      24 |  17.0
            +---------+---------+-------+---------+---------+-------
        D:1 |      40 |       0 |   0.0 |      22 |       0 |   0.0
        D:2 |      92 |       0 |   0.0 |      22 |       0 |   0.0
        D:3 |      85 |      37 |  30.3 |      18 |       1 |   5.3
        D:4 |     589 |     142 |  19.4 |      22 |      21 |  48.8
        D:5 |     301 |       0 |   0.0 |      28 |       0 |   0.0
        D:6 |    1210 |     105 |   8.0 |       5 |       2 |  28.6
            +---------+---------+-------+---------+---------+-------
